 Dungeon Crawl Stone Soup version 0.28-a0-1235-g7c8fac35f0 (webtiles) character file.

Game seed: 4700357084488847263

37 Zonian the Sneak (level 3, -9/18 HPs)
             Began as a Vine Stalker Brigand on Dec 24, 2021.
             Was an Initiate of Gozag.
             Mangled by an iguana (10 damage)
             ... on level 2 of the Dungeon.
             The game lasted 00:02:06 (1530 turns).

Zonian the Sneak (Vine Stalker Brigand)             Turns: 1530, Time: 00:02:07

Health: -9/18      AC:  4    Str: 13    XL:     3   Next: 39%
Magic:  0/4        EV: 12    Int: 11    God:    Gozag
Gold:   181        SH:  0    Dex: 17    Spells: 2/2 levels left

rFire   . . .      SeeInvis .   a - +2 dagger
rCold   . . .      Faith    .   (no shield)
rNeg    . . .      Spirit   +   b - +0 robe
rPois   .          Reflect  .   (no helmet)
rElec   .          Harm     .   c - +1 cloak
rCorr   .          Rampage  .   (no gloves)
Will    .....                   (no boots)
Stlth   +++.......              (no amulet)
HPRegen 0.06/turn               (no ring)
MPRegen 0.09/turn               (no ring)

@: no status effects
A: fangs 2, magic shield, antimagic bite, no potion heal 2
a: Renounce Religion, Potion Petition, Call Merchant, Bribe Branch


You were on level 2 of the Dungeon.
You worshipped Gozag.
Gozag was aware of your devotion.
You visited 1 branch of the dungeon, and saw 2 of its levels.

You collected 181 gold pieces.

Inventory:

Hand Weapons
 a - a +2 dagger (weapon)
Missiles
 d - 16 poisoned darts (quivered)
 e - 2 curare-tipped darts
 i - 34 sling bullets
Armour
 b - a +0 robe (worn)
 c - a +1 cloak (worn)
Potions
 f - a potion of degeneration
 h - a potion of magic {unknown}
 l - a potion of mutation {unknown}


   Skills:
 + Level 2.2 Fighting
 + Level 2.1 Short Blades
 - Level 2.0 Throwing
 + Level 1.3 Dodging
 + Level 5.2 Stealth


You had 2 spell levels left.
You didn't know any spells.
Your spell library was empty.

Dungeon Overview and Level Annotations

Branches:
Dungeon (2/15)

Altars:
Gozag


Innate Abilities, Weirdness & Mutations

You have extremely sharp teeth.
When hurt, damage is shared between your health and your magic reserves.
Your bite disrupts and absorbs the magic of your enemies.
Potions cannot restore your health.


Message History

Done waiting.
Unknown command.
Found 27 stones.
You now have 165 gold pieces (gained 6).
You see here 27 stones.
You now have 181 gold pieces (gained 16).
You see here a +0 whip.
An iguana comes into view.
The iguana hisses angrily.
Unknown command.
A hobgoblin comes into view.
The iguana barely misses you.
There is a large open door here.
The hobgoblin shouts!
You hit the iguana but do no damage. Your bite misses the iguana.
The iguana barely misses you.
A rat comes into view.
You barely miss the iguana. Your bite misses the iguana.
The iguana completely misses you.
You hit the iguana. You bite the iguana, but do no damage.
The iguana is lightly wounded.
You hit the iguana but do no damage.
The iguana is lightly wounded.
The iguana bites you.
You hit the iguana. Your bite misses the iguana.
The iguana is moderately wounded.
The iguana bites you!
You are too injured to fight recklessly!
You are too injured to fight recklessly!
You are too injured to fight recklessly!
The rat twitches its whiskers.
You hit the iguana. Your bite misses the iguana.
The iguana is heavily wounded.
The iguana bites you!
* * * LOW HITPOINT WARNING * * *
Unknown command.
The iguana bites you!
Ouch! That really hurt!
You die...
Your body crumbles into a pile of gold.

##### ##...#
###....# ###....###
###.....##
##......##
#..################
#..# #......@.#
...# ###.######l#
.#######...# #g##
###........# #r.#
)..........# #''#
###........# #....#
####.#######
#......# .....#
#..♣.♣♣..# ######
#...8. ..#


You could see an iguana, a hobgoblin and a rat.

Vanquished Creatures
  4 dart slugs
  A ball python (D:1)
  3 bats (D:2)
  2 endoplasms (D:1)
  4 giant cockroaches
  3 goblins
  2 quokkas (D:2)
  A frilled lizard (D:1)
  4 kobolds
  A rat (D:2)
25 creatures vanquished.

Vanquished Creatures (others)
  A plant (D:1)
  A withered plant (D:1)
2 creatures vanquished.

Grand Total: 27 creatures vanquished

Notes
Turn   | Place    | Note
-------+----------+-------------------------------------------
     0 | D:1      | Zonian the Vine Stalker Brigand began the quest for the
                  | Orb.
     0 | D:1      | Reached XP level 1. HP: 11/11 MP: 2/2
   165 | D:1      | Reached skill level 1 in Dodging
   165 | D:1      | Reached XP level 2. HP: 13/15 MP: 3/3
   207 | D:1      | Reached skill level 5 in Stealth
   452 | D:1      | Found a faded altar of an unknown god.
   465 | D:1      | Prayed at the altar of an unknown god.
   465 | D:1      | Became a worshipper of Gozag Ym Sagoz the Greedy
   811 | D:2      | Reached XP level 3. HP: 18/18 MP: 4/4
  1530 | D:2      | Mangled by an iguana

Illustrated notes

Levels and vault maps discovered:
D:1:      minmay_arrival_plants_in_alcoves, layout_rooms,
          shapermc_ecumenical_altar_flowoftime, minmay_fountain_box,
          feat_on_display
D:2:      layout_rooms, chequers_jeans, kennysheep_generic_room_3

Skill      XL: |  1  2 |
---------------+-------+-----
Dodging        | 1 |  1.3
Stealth        | 5 |  5.2
Fighting       | 2 |  2.2
Short Blades   | 2 |  2.1
Throwing       | 2 |  2.0

Action                   || total
-------------------------++-------
Melee: Dagger            ||    73
       Bite              ||    21
Throw: Dart              ||     2
  Use: Scroll            ||     4
 Stab: Sleeping          ||     6
Armor: Robe              ||    12
Dodge: Dodged            ||    29

Table legend: (Time is in decaauts)
 A = Elapsed time spent in this place.
 B = Non-inter-level travel time spent in this place.
 C = Inter-level travel time spent in this place.
 D = Time resting spent in this place.
 E = Time spent auto-exploring this place.
 F = Levels seen in this place.
 G = Mean time per level.
                   A        B        C        D        E       F      G
               +--------+--------+--------+--------+--------+-----+--------+
         Total |   1522 |   1478 |     44 |    318 |    891 |   2 |  761.0 |
       Dungeon |   1522 |   1478 |     44 |    318 |    891 |   2 |  761.0 |
               +--------+--------+--------+--------+--------+-----+--------+

Top non-repeatable levels by time:
     D:2: 979 daAuts
     D:1: 543 daAuts
